 Dungeon Crawl Stone Soup version 0.29.0-13-gc9e81de378 (webtiles) character file.

Game seed: 12511356225682974781

7 NinjaNoafa the Trooper (level 1, -6/19 HPs)
             Began as a Palentonga Abyssal Knight on Sept 8, 2022.
             Was an Initiate of Wu Jian.
             Killed from afar by a raiju (19 damage)
             ... with a living lightning
             ... on level 1 of the Abyss.
             The game lasted 00:01:15 (201 turns).

NinjaNoafa the Trooper (Palentonga Abyssal Knight)   Turns: 201, Time: 00:01:16

Health: -6/19      AC:  5    Str: 18    XL:     1   Next: 83%
Magic:  2/2        EV:  9    Int: 10    God:    Wu Jian [......]
Gold:   9          SH:  0    Dex: 10    Spells: 0/0 levels left

rFire   . . .      SeeInvis +   a - +1 hand axe
rCold   . . .      Faith    .   (no shield)
rNeg    . . .      Spirit   .   b - +0 leather armour
rPois   .          Reflect  .   e - +0 helmet
rElec   .          Harm     .   (no cloak)
rCorr   .          Rampage  .   (no gloves)
Will    .....                   (no barding)
Stlth   +.........              (no amulet)
HPRegen 0.06/turn               (no ring)
MPRegen 0.08/turn               (no ring)

@: brilliant
A: large, rugged brown scales 3, see invisible, deformed body, roll 1, armoured
tail
a: Rolling Charge, Renounce Religion


You were on level 1 of the Abyss.
You worshipped Wu Jian.
Wu Jian was noncommittal.
You visited 1 branch of the dungeon, and saw 1 of its levels.
You visited the Abyss 2 times.

You collected 9 gold pieces.

Inventory:

Hand Weapons
 a - a +1 hand axe (weapon)
Missiles
 d - a throwing net
 f - 4 stones
Armour
 b - a +0 leather armour (worn)
 e - a +0 helmet (worn)
Potions
 c - a potion of brilliance


   Skills:
 - Level 3.0 Fighting
 + Level 2.6 Axes
 - Level 1.5 Armour
 - Level 0.7 Dodging
 - Level 2.0 Invocations


You couldn't memorise any spells.
You didn't know any spells.
Your spell library was empty.

Dungeon Overview and Level Annotations

Branches:
Dungeon (1/15)

Altars:


Innate Abilities, Weirdness & Mutations

You are completely covered in rugged brown scales. (AC +3, +7% HP)
You have supernaturally acute eyesight. (SInv)
Armour fits poorly on your strangely shaped body.
You can roll at nearby foes to attack.
You have a long armoured tail.


Message History

You start putting on your armour.
You continue putting on your +0 helmet. x4
You finish putting on your +0 helmet.
There is a stone staircase leading down here.
Roll where?
Press: ? - help, Dir - move target, f - giant cockroach
Aim: a giant cockroach You roll forward with a clatter of scales!
You barely miss the giant cockroach. The giant cockroach misses you.
The giant cockroach barely misses you. The giant cockroach misses you.
You hit the giant cockroach but do no damage.
You tail-slap the giant cockroach.
You kill the giant cockroach!
The Council accepts your kill.
HP restored.
f - 4 stones Lugonu draws you home!
Lugonu sends minions to punish you. The divine experience confuses you!
You are confused.
An ancient zyme comes into view.
You are cast into the Abyss!
To return, you must find a gate leading back.
Killing monsters will force the Abyss to allow you passage.
This branch contains the abyssal rune of Zot.
You bump into the rock wall.
You bump into the rock wall.
You're too confused to move!
You bump into the rock wall.
You feel less confused. 2 raiju come into view.
The raiju barks!
The raiju bursts into living lightning!
The living lightning hits you!
The raiju blinks! x2
You aren't carrying any scrolls.
It was a potion of brilliance.
You feel clever all of a sudden.
Found a gateway leading deeper into the Abyss.
The raiju bursts into living lightning!
The living lightning hits you!!
Ouch! That really hurt!
You die...

###.# .. #.. ##...# ..
#.#.## .#.# .# # ##.
#..##..##.##.## .
#..####.....#..... ..
##....#..#... ..##..
#.#..#......#... ....#
#......#...####h ####
#..@..hh.# .........
...........#..#..#......
#..#..#...###...# ##...#
. ##.#.##..##...# .... #
### >..#..... ..
...#...#. ## ...#...#
.... ..


You could see 2 raiju.

Vanquished Creatures
  A giant cockroach (D:1)
  A hobgoblin (D:1)
  A kobold (D:1)
  2 ball pythons (D:1)
  A frilled lizard (D:1)
6 creatures vanquished.

Notes
Turn   | Place    | Note
-------+----------+-------------------------------------------
     0 | Abyss:1  | NinjaNoafa the Palentonga Abyssal Knight began the quest
                  | for the Orb.
     0 | Abyss:1  | Reached XP level 1. HP: 19/19 MP: 2/2
     5 | Abyss:1  | Fell from the grace of Lugonu
     5 | Abyss:1  | Became a worshipper of the Wu Jian Council
    10 | D:1      | Escaped the Abyss
   175 | D:1      | Noticed an ancient zyme
   175 | Abyss:1  | Cast into level 1 of the Abyss (Lugonu's touch)
   189 | Abyss:1  | Noticed a raiju
   189 | Abyss:1  | Noticed a raiju
   201 | Abyss:1  | Killed from afar by a raiju

Illustrated notes

Levels and vault maps discovered:
D:1:      scummos_arrival_forest, layout_loops_ring
Abyss:1:  base: Temple, base: Temple, base:
D:1

Action                   || total
-------------------------++-------
Melee: Hand axe          ||    12
       Tailslap          ||     2
 Abil: Rolling Charge    ||     4
  Use: Potion            ||     1
Armor: Leather armour    ||     4
Dodge: Dodged            ||     9
